Wolves vs Barons

Created - Monday, December 22, 2014 at 22:29

Goals
1 2 3 T
Wolves 0 2 0 2
Barons 0 1 0 1
Shots
1 2 3 T
Wolves 12 9 6 27
Barons 6 16 6 28

1st period

No Goal

Penalties :
Dane Byers (CHI) for Roughing (Minor) at 4:04, David Musil (OKC) for Holding (Minor) at 17:54

2nd period

1. Wolves , Jordan Schroeder 13 (Michael Caruso, Jared Boll) at 4:31
2. Barons , Saku Koivu 2 (Ryan Spooner, Devin Setoguchi) at 4:39
3. Wolves , Yannick Weber 17 (A.J. Jenks) at 14:46

Penalties :
Saku Koivu (OKC) for Roughing (Minor) at 17:50

3rd period

No Goal

Penalties :
Yann Sauve (CHI) for Hooking (Minor) at 10:26, Tommy Cross (OKC) for Tripping (Minor) at 15:53, Cedric Paquette (CHI) for Holding (Minor) at 18:00

Goalie Stats

Peter Mannino (CHI), 27 saves from 28 shots - (0.964), W, 18-5-2, 60:00 minutes
Josh Robinson (OKC), 25 saves from 27 shots - (0.926), L, 2-3-0, 59:52 minutes

Players Stats for Wolves

Player Name              G  A  P  +/- PIM S  H  SB GA TA FO     MP     PP MP  PK MP  
------------------------------------------------------------------------------------
A.J. Jenks               0  1  1   1  0   0  0  0  0  0  0/0     0:12   0:00   0:00 
Aaron Volpatti           0  0  0   0  0   3  3  1  2  0  0/1    20:52   2:45   0:32 
Ben Hanowski             0  0  0   0  0   4  1  0  1  0  0/0     6:29   0:24   2:02 
Cedric Paquette          0  0  0   0  2   3  2  0  1  0  2/10   19:24   2:45   0:34 
Chris Terry              0  0  0   0  0   2  3  3  0  0  2/3    22:59   2:22   2:20 
Christian Hanson         0  0  0   0  0   2  3  0  0  0  1/1    18:23   2:45   0:00 
Corbin McPherson         0  0  0  -1  0   2  0  2  0  1  0/0    26:51   3:05   2:50 
Dane Byers               0  0  0   0  2   2  2  0  1  0  1/1    15:41   0:00   1:46 
Jared Boll               0  1  1   1  0   0  5  0  3  0  0/0    16:34   2:48   0:32 
Joel Broda               0  0  0   0  0   1  0  0  1  1  4/5    17:17   0:50   2:13 
Jordan Schroeder         1  0  1   1  0   2  1  1  4  1  3/7    21:39   2:16   2:18 
Kent Huskins             0  0  0   0  0   0  0  1  0  2  0/0    25:43   3:29   2:35 
Landon Ferraro           0  0  0   0  0   2  0  0  0  1  3/5    15:11   0:56   0:00 
Mark Pysyk               0  0  0   0  0   0  0  1  0  0  0/0     4:09   0:00   1:03 
Michael Caruso           0  1  1   2  0   0  1  1  0  3  0/0    25:24   3:57   1:32 
Scott Glennie            0  0  0   0  0   0  0  0  0  0  0/0     0:53   0:00   0:00 
Yann Sauve               0  0  0   0  2   1  1  1  1  2  0/0    22:59   0:40   2:14 
Yannick Weber            1  0  1   1  0   3  0  0  0  0  0/0    13:15   0:43   1:17 

Players Stats for Barons

Player Name              G  A  P  +/- PIM S  H  SB GA TA FO     MP     PP MP  PK MP  
------------------------------------------------------------------------------------
Andy Miele               0  0  0   0  0   1  4  3  1  0  11/16  20:43   2:33   3:10 
Brad Winchester          0  0  0   0  0   0  0  0  0  1  0/0     5:09   0:00   2:07 
Chris Porter             0  0  0   0  0   3  0  0  0  1  0/2    13:01   0:11   0:55 
Chuck Kobasew            0  0  0  -1  0   1  0  0  3  0  0/0    16:39   2:56   0:31 
Daniel New               0  0  0  -2  0   0  0  0  0  1  0/0    15:03   0:00   2:34 
David Kolomatis          0  0  0   1  0   2  0  1  0  1  0/0    27:04   1:57   3:23 
David Musil              0  0  0  -2  2   0  3  1  0  2  0/0    24:40   3:54   1:00 
Devin Setoguchi          0  1  1   0  0   1  2  0  1  0  2/5    20:07   2:05   0:00 
John Negrin              0  0  0   0  0   0  0  1  0  0  0/0    22:51   3:13   3:00 
Marc Cantin              0  0  0   0  0   0  1  0  1  0  0/0     4:34   0:53   0:00 
Mike Rupp                0  0  0   0  0   0  0  0  0  0  0/0     0:00   0:00   0:00 
Ryan Spooner             0  1  1   0  0   4  0  0  0  1  3/7    19:27   3:01   1:35 
Saku Koivu               1  0  1   0  2   5  1  0  2  0  0/0    13:42   0:00   0:00 
Shawn Thornton           0  0  0   0  0   1  2  1  0  0  0/0    12:57   1:39   0:00 
Steve Bernier            0  0  0  -1  0   3  2  0  3  0  0/0    15:54   2:56   0:00 
Teemu Pulkkinen          0  0  0   0  0   4  2  0  2  0  0/0    14:07   0:00   0:31 
Tommy Cross              0  0  0   1  2   1  4  1  0  0  0/0    25:58   1:57   1:57 
Torrey Mitchell          0  0  0  -1  0   2  0  3  4  1  1/3    21:59   2:30   3:05 

3 Stars

1 - Peter Mannino (CHI)
2 - Jordan Schroeder (CHI)
3 - Jared Boll (CHI)

Power Play

Wolves - 0 on 3 Attempt(s) - 0.00%
Barons - 0 on 3 Attempt(s) - 0.00%

Penalty Kill

Wolves - 3 on 3 Attempt(s) - 100.00% - Score 0 goal in Penalty Kill
Barons - 3 on 3 Attempt(s) - 100.00% - Score 0 goal in Penalty Kill

Official

Referees : Unknown
Linesman : Unknown

Game Notes

Mark Pysyk is injured at 7:11 of 1st period (Right Eye)

Finance

Level 1 -- Attendance: 1579 (78.95%) -- Ticket Income $63,160
Level 2 -- Attendance: 734 (73.40%) -- Ticket Income $14,680
Total Attendance: 2313 (77.10%)
Total Ticket Income: $77,840
Other Income: $38,142
Total Income: $115,982

Wolves

5 vs 5 Forward 
   Center                   Left Wing                Right Wing               Time % Phy DF OF 
 1 Jordan Schroeder         Chris Terry              Jared Boll               35     1   2  2  
 2 Cedric Paquette          Aaron Volpatti           Christian Hanson         30     1   2  2  
 3 Landon Ferraro           Aaron Volpatti           Chris Terry              22     1   2  2  
 4 Joel Broda               Dane Byers               Jordan Schroeder         13     1   2  2  

5 vs 5 Defense 
   Defense                  Defense                                           Time % Phy DF OF 
 1 Mark Pysyk               Kent Huskins                                      35     1   2  2  
 2 Corbin McPherson         Yann Sauve                                        30     1   2  2  
 3 Michael Caruso           Mark Pysyk                                        22     1   2  2  
 4 Mark Pysyk               Kent Huskins                                      13     1   2  2  

PowerPlay Forward 
   Center                   Left Wing                Right Wing               Time % Phy DF OF 
 1 Jordan Schroeder         Chris Terry              Jared Boll               60     1   2  2  
 2 Cedric Paquette          Aaron Volpatti           Christian Hanson         40     1   2  2  

PowerPlay Defense
   Defense                  Defense                                           Time % Phy DF OF 
 1 Mark Pysyk               Kent Huskins                                      60     1   2  2  
 2 Corbin McPherson         Yann Sauve                                        40     1   2  2  

Penalty Kill 4 Players Forward 
   Center                   Wing                     Time % Phy DF OF 
 1 Chris Terry              Jordan Schroeder         60     1   2  2  
 2 Jared Boll               Aaron Volpatti           40     1   2  2  

Penalty Kill 4 Players Defense
   Defense                  Defense                  Time % Phy DF OF 
 1 Mark Pysyk               Kent Huskins             60     1   2  2  
 2 Corbin McPherson         Yann Sauve               40     1   2  2  

Penalty Kill - 3 Players Forward 
   Forward                                           Time % Phy DF OF 
 1 Chris Terry                                       60     1   2  2  
 2 Jordan Schroeder                                  40     1   2  2  

Penalty Kill - 3 Players Defense
   Defense                  Defense                  Time % Phy DF OF 
 1 Mark Pysyk               Kent Huskins             60     1   2  2  
 2 Corbin McPherson         Yann Sauve               40     1   2  2  

4 vs 4 Forward 
   Center                   Wing                     Time % Phy DF OF 
 1 Chris Terry              Jordan Schroeder         60     1   2  2  
 2 Jared Boll               Aaron Volpatti           40     1   2  2  

4 vs 4 Defense
   Defense                  Defense                  Time % Phy DF OF 
 1 Mark Pysyk               Kent Huskins             60     1   2  2  
 2 Corbin McPherson         Yann Sauve               40     1   2  2  

Last Minutes Offensive
   Center                   Left Wing                Right Wing               Defense                  Defense                  
   Jordan Schroeder         Chris Terry              Jared Boll               Mark Pysyk               Kent Huskins             

Last Minutes Defensive
   Center                   Left Wing                Right Wing               Defense                  Defense                  
   Jordan Schroeder         Chris Terry              Jared Boll               Mark Pysyk               Kent Huskins             

Goaltenders
Starting : Peter Mannino            
Backup : Scott Wedgewood          

Extra Forwards
Normal : Aaron Volpatti, Landon Ferraro, Dane Byers - PP : Aaron Volpatti, Landon Ferraro - PK : Dane Byers
Extra Defensemen
Normal : Michael Caruso, Mark Pysyk, Corbin McPherson - PP : Michael Caruso - PK : Mark Pysyk, Corbin McPherson
Penalty Shots
Chris Terry, Jordan Schroeder, Jared Boll, Landon Ferraro, Aaron Volpatti

Barons

5 vs 5 Forward 
   Center                   Left Wing                Right Wing               Time % Phy DF OF 
 1 Ryan Spooner             Saku Koivu               Devin Setoguchi          30     0   1  4  
 2 Torrey Mitchell          Steve Bernier            Chuck Kobasew            30     0   1  4  
 3 Andy Miele               Teemu Pulkkinen          Torrey Mitchell          30     0   1  4  
 4 Devin Setoguchi          Chris Porter             Shawn Thornton           10     1   2  2  

5 vs 5 Defense 
   Defense                  Defense                                           Time % Phy DF OF 
 1 David Kolomatis          Tommy Cross                                       35     1   2  2  
 2 John Negrin              David Musil                                       30     1   2  2  
 3 David Kolomatis          Tommy Cross                                       22     1   2  2  
 4 Daniel New               David Musil                                       13     1   2  2  

PowerPlay Forward 
   Center                   Left Wing                Right Wing               Time % Phy DF OF 
 1 Ryan Spooner             Torrey Mitchell          Devin Setoguchi          60     0   1  4  
 2 Andy Miele               Steve Bernier            Chuck Kobasew            40     0   1  4  

PowerPlay Defense
   Defense                  Defense                                           Time % Phy DF OF 
 1 David Kolomatis          David Musil                                       60     1   2  2  
 2 John Negrin              Tommy Cross                                       40     1   2  2  

Penalty Kill 4 Players Forward 
   Center                   Wing                     Time % Phy DF OF 
 1 Andy Miele               Torrey Mitchell          60     1   2  2  
 2 Teemu Pulkkinen          Chuck Kobasew            40     1   2  2  

Penalty Kill 4 Players Defense
   Defense                  Defense                  Time % Phy DF OF 
 1 David Kolomatis          Tommy Cross              60     1   2  2  
 2 John Negrin              Daniel New               40     1   2  2  

Penalty Kill - 3 Players Forward 
   Forward                                           Time % Phy DF OF 
 1 Torrey Mitchell                                   60     1   2  2  
 2 Andy Miele                                        40     1   2  2  

Penalty Kill - 3 Players Defense
   Defense                  Defense                  Time % Phy DF OF 
 1 David Musil              Tommy Cross              60     1   2  2  
 2 John Negrin              David Kolomatis          40     1   2  2  

4 vs 4 Forward 
   Center                   Wing                     Time % Phy DF OF 
 1 Ryan Spooner             Devin Setoguchi          60     1   2  2  
 2 Teemu Pulkkinen          Torrey Mitchell          40     1   2  2  

4 vs 4 Defense
   Defense                  Defense                  Time % Phy DF OF 
 1 David Kolomatis          David Musil              60     1   2  2  
 2 John Negrin              Tommy Cross              40     1   2  2  

Last Minutes Offensive
   Center                   Left Wing                Right Wing               Defense                  Defense                  
   Ryan Spooner             Saku Koivu               Devin Setoguchi          Torrey Mitchell          David Kolomatis          

Last Minutes Defensive
   Center                   Left Wing                Right Wing               Defense                  Defense                  
   Andy Miele               Torrey Mitchell          Teemu Pulkkinen          David Kolomatis          David Musil              

Goaltenders
Starting : Josh Robinson            
Backup : Ray Emery                

Extra Forwards
Normal : Shawn Thornton, Chris Porter, Ryan Spooner - PP : Shawn Thornton, Chris Porter - PK : Ryan Spooner
Extra Defensemen
Normal : David Kolomatis, David Musil, John Negrin - PP : David Kolomatis - PK : David Kolomatis, John Negrin
Penalty Shots
Devin Setoguchi, Steve Bernier, Torrey Mitchell, Andy Miele, Teemu Pulkkinen

% Time on Ice - Wolves

Lines # - Real PCT - Wanted PCT - Time Play
Normal Forward
1 - 29% - 35% - 14:07
2 - 33% - 30% - 15:39
3 - 16% - 22% - 7:36
4 - 22% - 13% - 10:44
Normal Defense
1 - 40% - 35% - 19:21
2 - 24% - 30% - 11:30
3 - 21% - 22% - 10:11
4 - 15% - 13% - 7:04
PP Forward
1 - 54% - 60% - 3:12
2 - 46% - 40% - 2:45
PP Defense
1 - 89% - 60% - 5:17
2 - 11% - 40% - 0:40
PK Forward
1 - 91% - 60% - 5:25
2 - 9% - 40% - 0:32
PK Defense
1 - 71% - 60% - 4:15
2 - 29% - 40% - 1:42
PK3 Forward
1 - 0% - 60%
2 - 0% - 40%
PK3 Defense
1 - 0% - 60%
2 - 0% - 40%
44 Forward
1 - 0% - 60%
2 - 0% - 40%
44 Defense
1 - 0% - 60%
2 - 0% - 40%
Last Minute Offensive  - 0:00
Last Minute Defensive  - 0:00
Total
Forward - 60:00
Defense - 60:00

% Time on Ice - Barons

Lines # - Real PCT - Wanted PCT - Time Play
Normal Forward
1 - 29% - 30% - 13:58
2 - 27% - 30% - 13:12
3 - 28% - 30% - 13:22
4 - 16% - 10% - 7:34
Normal Defense
1 - 32% - 35% - 15:15
2 - 27% - 30% - 12:58
3 - 15% - 22% - 7:24
4 - 26% - 13% - 12:29
PP Forward
1 - 51% - 60% - 3:01
2 - 49% - 40% - 2:56
PP Defense
1 - 67% - 60% - 4:00
2 - 33% - 40% - 1:57
PK Forward
1 - 91% - 60% - 5:26
2 - 9% - 40% - 0:31
PK Defense
1 - 57% - 60% - 3:23
2 - 43% - 40% - 2:34
PK3 Forward
1 - 0% - 60%
2 - 0% - 40%
PK3 Defense
1 - 0% - 60%
2 - 0% - 40%
44 Forward
1 - 0% - 60%
2 - 0% - 40%
44 Defense
1 - 0% - 60%
2 - 0% - 40%
Last Minute Offensive  - 0:00
Last Minute Defensive  - 0:00
Total
Forward - 60:00
Defense - 60:00

Play by Play

1st period


0:01 of 1st period - Ryan Spooner wins face-off versus Jordan Schroeder in neutral zone.
0:35 of 1st period - Wrist shot by Jared Boll.
0:35 of 1st period - Shot Misses the Net.
0:37 of 1st period - Snap shot by Kent Huskins.
0:37 of 1st period - Deflect By Jordan Schroeder.
0:37 of 1st period - Stopped by Josh Robinson with a rebound.
0:51 of 1st period - Saku Koivu is hit by Aaron Volpatti and loses puck.
1:45 of 1st period - John Negrin is hit by Yann Sauve and loses puck.
3:15 of 1st period - Slapshot by Teemu Pulkkinen.
3:15 of 1st period - Stopped by Peter Mannino with a rebound.
3:17 of 1st period - Wrist shot by Teemu Pulkkinen.
3:17 of 1st period - Shot Blocked by Aaron Volpatti.
4:04 of 1st period - Minor Penalty to Dane Byers for Roughing.
4:05 of 1st period - Andy Miele wins face-off versus Chris Terry in Wolves zone.
4:23 of 1st period - Snap shot by Chuck Kobasew.
4:23 of 1st period - Shot Blocked by Chris Terry.
4:39 of 1st period - Torrey Mitchell is hit by Chris Terry and loses puck.
5:35 of 1st period - Snap shot by Ben Hanowski.
5:35 of 1st period - Stopped by Josh Robinson with a rebound.
6:04 of 1st period - Penalty to Dane Byers is over, Dane Byers is back on ice.
7:11 of 1st period - Snap shot by Devin Setoguchi.
7:11 of 1st period - Deflect By Chris Porter.
7:11 of 1st period - Shot Blocked by Mark Pysyk.
7:11 of 1st period - Mark Pysyk from Wolves is injured at 7:11 of 1st period (Right Eye).
7:12 of 1st period - Jordan Schroeder wins face-off versus Torrey Mitchell in Wolves zone.
7:35 of 1st period - Chris Terry is hit by Tommy Cross and loses puck.
7:46 of 1st period - Wrist shot by Steve Bernier.
7:46 of 1st period - Stopped by Peter Mannino with a rebound.
7:48 of 1st period - Slapshot by David Kolomatis.
7:48 of 1st period - Stopped by Peter Mannino with a rebound.
8:02 of 1st period - Kent Huskins is hit by Saku Koivu and loses puck.
8:09 of 1st period - Snap shot by Saku Koivu.
8:09 of 1st period - Stopped by Peter Mannino with a rebound.
8:53 of 1st period - Yann Sauve is hit by Teemu Pulkkinen.
9:10 of 1st period - Off-side.
9:11 of 1st period - Devin Setoguchi wins face-off versus Jordan Schroeder in neutral zone.
9:18 of 1st period - Off-side.
9:19 of 1st period - Joel Broda wins face-off versus Devin Setoguchi in neutral zone.
11:25 of 1st period - Ryan Spooner is hit by Christian Hanson.
11:29 of 1st period - David Musil is hit by Aaron Volpatti and loses puck.
11:52 of 1st period - Corbin McPherson is hit by Teemu Pulkkinen and loses puck.
12:09 of 1st period - Slapshot by Aaron Volpatti.
12:09 of 1st period - Shot Blocked by Torrey Mitchell.
12:11 of 1st period - Snap shot by Cedric Paquette.
12:11 of 1st period - Stopped by Josh Robinson with a rebound.
12:13 of 1st period - Wrist shot by Cedric Paquette.
12:13 of 1st period - Shot Blocked by Andy Miele.
12:15 of 1st period - Snap shot by Christian Hanson.
12:15 of 1st period - Stopped by Josh Robinson with a rebound.
12:37 of 1st period - Slapshot by Chris Terry.
12:37 of 1st period - Stopped by Josh Robinson with a rebound.
13:09 of 1st period - Snap shot by Steve Bernier.
13:09 of 1st period - Shot Misses the Net.
13:11 of 1st period - Slapshot by David Kolomatis.
13:11 of 1st period - Shot Misses the Net.
13:15 of 1st period - Wrist shot by Steve Bernier.
13:15 of 1st period - Stopped by Peter Mannino with a rebound.
13:17 of 1st period - Slapshot by Daniel New.
13:17 of 1st period - Shot Misses the Net.
13:19 of 1st period - Wrist shot by Chris Porter.
13:19 of 1st period - Stopped by Peter Mannino with a rebound.
13:21 of 1st period - Snap shot by Daniel New.
13:21 of 1st period - Shot Misses the Net.
13:33 of 1st period - Landon Ferraro is hit by David Musil.
14:30 of 1st period - Snap shot by Yannick Weber.
14:30 of 1st period - Shot Blocked by David Kolomatis.
14:45 of 1st period - Yannick Weber is hit by Marc Cantin and loses puck.
14:54 of 1st period - Yannick Weber is hit by Andy Miele.
15:48 of 1st period - Backhand shot by Aaron Volpatti.
15:48 of 1st period - Stopped by Josh Robinson with a rebound.
15:50 of 1st period - Slapshot by Kent Huskins.
15:50 of 1st period - Deflect By Cedric Paquette.
15:50 of 1st period - Shot Misses the Net.
15:50 of 1st period - Puck is out of play.
15:51 of 1st period - Andy Miele wins face-off versus Cedric Paquette in Barons zone.
16:22 of 1st period - Tommy Cross is hit by Jared Boll and loses puck.
17:02 of 1st period - Snap shot by Ben Hanowski.
17:02 of 1st period - Stopped by Josh Robinson with a rebound.
17:14 of 1st period - Slapshot by Ben Hanowski.
17:14 of 1st period - Stopped by Josh Robinson with a rebound.
17:16 of 1st period - Wrist shot by Landon Ferraro.
17:16 of 1st period - Stopped by Josh Robinson with a rebound.
17:18 of 1st period - Snap shot by Landon Ferraro.
17:18 of 1st period - Deflect By Saku Koivu.
17:18 of 1st period - Stopped by Josh Robinson with a rebound.
17:20 of 1st period - Slapshot by Yannick Weber.
17:20 of 1st period - Deflect By Ben Hanowski.
17:20 of 1st period - Stopped by Josh Robinson without a rebound.
17:21 of 1st period - Landon Ferraro wins face-off versus Andy Miele in Barons zone.
17:22 of 1st period - Snap shot by Yannick Weber.
17:22 of 1st period - Shot Blocked by David Musil.
17:54 of 1st period - Minor Penalty to David Musil for Holding.
17:55 of 1st period - Andy Miele wins face-off versus Cedric Paquette in Barons zone.
18:30 of 1st period - Daniel New is hit by Jared Boll.
18:36 of 1st period - Chris Terry is hit by Andy Miele and loses puck.
19:30 of 1st period - John Negrin is hit by Jared Boll and loses puck.
19:41 of 1st period - David Kolomatis is hit by Michael Caruso and loses puck.
19:48 of 1st period - Teemu Pulkkinen is hit by Jordan Schroeder and loses puck.
19:53 of 1st period - Slapshot by Yannick Weber.
19:53 of 1st period - Stopped by Josh Robinson with a rebound.
19:54 of 1st period - Penalty to David Musil is over, David Musil is back on ice.
Goals for this period are 0 for Wolves vs 0 for Barons.
Shots for this period are 12 for Wolves vs 6 for Barons.

2nd period


0:01 of 2nd period - Landon Ferraro wins face-off versus Andy Miele in neutral zone.
0:06 of 2nd period - Wrist shot by Aaron Volpatti.
0:06 of 2nd period - Shot Blocked by Torrey Mitchell.
1:03 of 2nd period - Icing by Aaron Volpatti.
1:04 of 2nd period - Devin Setoguchi wins face-off versus Landon Ferraro in Wolves zone.
1:19 of 2nd period - Snap shot by Shawn Thornton.
1:19 of 2nd period - Stopped by Peter Mannino without a rebound.
1:20 of 2nd period - Joel Broda wins face-off versus Chris Porter in Wolves zone.
2:07 of 2nd period - Christian Hanson is hit by Steve Bernier and loses puck.
2:16 of 2nd period - Snap shot by Cedric Paquette.
2:16 of 2nd period - Shot Misses the Net.
2:20 of 2nd period - Snap shot by Christian Hanson.
2:20 of 2nd period - Shot Misses the Net.
2:38 of 2nd period - Torrey Mitchell is hit by Jared Boll.
3:04 of 2nd period - Wrist shot by Ryan Spooner.
3:04 of 2nd period - Stopped by Peter Mannino without a rebound.
3:05 of 2nd period - Ryan Spooner wins face-off versus Cedric Paquette in Wolves zone.
3:12 of 2nd period - Wrist shot by Ryan Spooner.
3:12 of 2nd period - Deflect By Saku Koivu.
3:12 of 2nd period - Shot Blocked by Corbin McPherson.
3:12 of 2nd period - Puck is out of play.
3:13 of 2nd period - Joel Broda wins face-off versus Devin Setoguchi in Wolves zone.
3:24 of 2nd period - Snap shot by Devin Setoguchi.
3:24 of 2nd period - Stopped by Peter Mannino with a rebound.
3:26 of 2nd period - Wrist shot by Ryan Spooner.
3:26 of 2nd period - Stopped by Peter Mannino with a rebound.
3:36 of 2nd period - Snap shot by Saku Koivu.
3:36 of 2nd period - Stopped by Peter Mannino with a rebound.
3:38 of 2nd period - Wrist shot by Saku Koivu.
3:38 of 2nd period - Shot Misses the Net.
3:40 of 2nd period - Backhand shot by Saku Koivu.
3:40 of 2nd period - Shot Misses the Net.
4:29 of 2nd period - Wrist shot by Jared Boll.
4:29 of 2nd period - Shot Blocked by Torrey Mitchell.
4:31 of 2nd period - Slapshot by Michael Caruso.
4:31 of 2nd period - Deflect By Jordan Schroeder.
4:31 of 2nd period - Goal by Jordan Schroeder - Wolves : 1 - Barons : 0.
4:32 of 2nd period - Ryan Spooner wins face-off versus Jordan Schroeder in neutral zone.
4:37 of 2nd period - Snap shot by Ryan Spooner.
4:37 of 2nd period - Shot Misses the Net.
4:39 of 2nd period - Wrist shot by Saku Koivu.
4:39 of 2nd period - Goal by Saku Koivu - Wolves : 1 - Barons : 1.
4:40 of 2nd period - Landon Ferraro wins face-off versus Ryan Spooner in neutral zone.
4:51 of 2nd period - Snap shot by Saku Koivu.
4:51 of 2nd period - Shot Blocked by Chris Terry.
4:53 of 2nd period - Wrist shot by David Kolomatis.
4:53 of 2nd period - Stopped by Peter Mannino with a rebound.
5:04 of 2nd period - Slapshot by Saku Koivu.
5:04 of 2nd period - Stopped by Peter Mannino with a rebound.
5:24 of 2nd period - Chris Terry is hit by Andy Miele and loses puck.
5:33 of 2nd period - Wrist shot by Torrey Mitchell.
5:33 of 2nd period - Stopped by Peter Mannino with a rebound.
5:35 of 2nd period - Snap shot by Torrey Mitchell.
5:35 of 2nd period - Shot Misses the Net.
5:37 of 2nd period - Wrist shot by Torrey Mitchell.
5:37 of 2nd period - Deflect By Andy Miele.
5:37 of 2nd period - Stopped by Peter Mannino with a rebound.
5:39 of 2nd period - Snap shot by Teemu Pulkkinen.
5:39 of 2nd period - Stopped by Peter Mannino without a rebound.
5:40 of 2nd period - Joel Broda wins face-off versus Devin Setoguchi in Wolves zone.
6:37 of 2nd period - Wrist shot by Dane Byers.
6:37 of 2nd period - Shot Misses the Net.
6:39 of 2nd period - Slapshot by Corbin McPherson.
6:39 of 2nd period - Stopped by Josh Robinson with a rebound.
6:41 of 2nd period - Slapshot by Corbin McPherson.
6:41 of 2nd period - Stopped by Josh Robinson with a rebound.
6:43 of 2nd period - Slapshot by Dane Byers.
6:43 of 2nd period - Stopped by Josh Robinson without a rebound.
6:44 of 2nd period - Jordan Schroeder wins face-off versus Ryan Spooner in Barons zone.
6:45 of 2nd period - Snap shot by Chris Terry.
6:45 of 2nd period - Stopped by Josh Robinson with a rebound.
8:02 of 2nd period - Wrist shot by Dane Byers.
8:02 of 2nd period - Stopped by Josh Robinson with a rebound.
8:34 of 2nd period - David Kolomatis is hit by Aaron Volpatti and loses puck.
8:59 of 2nd period - Chris Terry is hit by David Musil and loses puck.
9:06 of 2nd period - Snap shot by Saku Koivu.
9:06 of 2nd period - Shot Misses the Net.
9:08 of 2nd period - Slapshot by Tommy Cross.
9:08 of 2nd period - Shot Blocked by Corbin McPherson.
9:10 of 2nd period - Slapshot by Saku Koivu.
9:10 of 2nd period - Stopped by Peter Mannino with a rebound.
9:40 of 2nd period - Slapshot by Yannick Weber.
9:40 of 2nd period - Stopped by Josh Robinson with a rebound.
10:14 of 2nd period - Snap shot by Ryan Spooner.
10:14 of 2nd period - Stopped by Peter Mannino with a rebound.
10:59 of 2nd period - Joel Broda is hit by Tommy Cross and loses puck.
11:25 of 2nd period - Chuck Kobasew is hit by Christian Hanson and loses puck.
11:40 of 2nd period - Teemu Pulkkinen is hit by Dane Byers and loses puck.
11:45 of 2nd period - Slapshot by Yannick Weber.
11:45 of 2nd period - Shot Misses the Net.
11:47 of 2nd period - Slapshot by Yannick Weber.
11:47 of 2nd period - Shot Blocked by Andy Miele.
11:49 of 2nd period - Slapshot by Yann Sauve.
11:49 of 2nd period - Deflect By Joel Broda.
11:49 of 2nd period - Stopped by Josh Robinson with a rebound.
12:55 of 2nd period - Wrist shot by Teemu Pulkkinen.
12:55 of 2nd period - Stopped by Peter Mannino without a rebound.
12:56 of 2nd period - Dane Byers wins face-off versus Andy Miele in Wolves zone.
13:07 of 2nd period - Daniel New is hit by Dane Byers and loses puck.
13:57 of 2nd period - Yann Sauve is hit by Steve Bernier and loses puck.
14:10 of 2nd period - Scott Glennie is hit by Shawn Thornton and loses puck.
14:46 of 2nd period - Snap shot by Yannick Weber.
14:46 of 2nd period - Goal by Yannick Weber - Wolves : 2 - Barons : 1.
14:47 of 2nd period - Torrey Mitchell wins face-off versus Cedric Paquette in neutral zone.
15:21 of 2nd period - Slapshot by Daniel New.
15:21 of 2nd period - Shot Blocked by Michael Caruso.
15:29 of 2nd period - Snap shot by Andy Miele.
15:29 of 2nd period - Deflect By Teemu Pulkkinen.
15:29 of 2nd period - Deflect By Kent Huskins.
15:29 of 2nd period - Stopped by Peter Mannino with a rebound.
15:31 of 2nd period - Snap shot by Teemu Pulkkinen.
15:31 of 2nd period - Shot Hit the Post.
15:47 of 2nd period - Slapshot by Ryan Spooner.
15:47 of 2nd period - Shot Blocked by Kent Huskins.
15:49 of 2nd period - Slapshot by Tommy Cross.
15:49 of 2nd period - Shot Blocked by Chris Terry.
15:51 of 2nd period - Snap shot by Ryan Spooner.
15:51 of 2nd period - Shot Blocked by Jordan Schroeder.
15:53 of 2nd period - Slapshot by Saku Koivu.
15:53 of 2nd period - Shot Misses the Net.
16:06 of 2nd period - Snap shot by Chuck Kobasew.
16:06 of 2nd period - Stopped by Peter Mannino with a rebound.
16:35 of 2nd period - Christian Hanson is hit by Devin Setoguchi and loses puck.
16:50 of 2nd period - Icing by John Negrin.
16:51 of 2nd period - Andy Miele wins face-off versus Joel Broda in Barons zone.
17:39 of 2nd period - Andy Miele is hit by Chris Terry.
17:50 of 2nd period - Minor Penalty to Saku Koivu for Roughing.
17:51 of 2nd period - Andy Miele wins face-off versus Aaron Volpatti in Barons zone.
18:46 of 2nd period - Icing by Michael Caruso.
18:47 of 2nd period - Cedric Paquette wins face-off versus Ryan Spooner in Wolves zone.
19:50 of 2nd period - Penalty to Saku Koivu is over, Saku Koivu is back on ice.
Goals for this period are 2 for Wolves vs 1 for Barons.
Shots for this period are 9 for Wolves vs 16 for Barons.

3rd period


0:01 of 3rd period - Jordan Schroeder wins face-off versus Torrey Mitchell in neutral zone.
0:12 of 3rd period - Snap shot by Jared Boll.
0:12 of 3rd period - Shot Blocked by Tommy Cross.
0:25 of 3rd period - Wrist shot by Steve Bernier.
0:25 of 3rd period - Stopped by Peter Mannino with a rebound.
0:27 of 3rd period - Backhand shot by David Kolomatis.
0:27 of 3rd period - Shot Misses the Net.
0:29 of 3rd period - Backhand shot by Tommy Cross.
0:29 of 3rd period - Deflect By Yann Sauve.
0:29 of 3rd period - Stopped by Peter Mannino with a rebound.
0:31 of 3rd period - Snap shot by Torrey Mitchell.
0:31 of 3rd period - Stopped by Peter Mannino with a rebound.
0:33 of 3rd period - Snap shot by David Kolomatis.
0:33 of 3rd period - Shot Misses the Net.
0:53 of 3rd period - Wrist shot by Ryan Spooner.
0:53 of 3rd period - Stopped by Peter Mannino with a rebound.
0:55 of 3rd period - Slapshot by Saku Koivu.
0:55 of 3rd period - Shot Misses the Net.
1:01 of 3rd period - Snap shot by Saku Koivu.
1:01 of 3rd period - Shot Blocked by Yann Sauve.
2:14 of 3rd period - Aaron Volpatti is hit by Shawn Thornton and loses puck.
3:07 of 3rd period - Dane Byers is hit by Devin Setoguchi and loses puck.
4:41 of 3rd period - Off-side.
4:42 of 3rd period - Andy Miele wins face-off versus Cedric Paquette in neutral zone.
4:45 of 3rd period - Christian Hanson is hit by Andy Miele and loses puck.
4:53 of 3rd period - Icing by Michael Caruso.
4:54 of 3rd period - Andy Miele wins face-off versus Cedric Paquette in Wolves zone.
5:05 of 3rd period - Brad Winchester is hit by Christian Hanson and loses puck.
6:13 of 3rd period - Kent Huskins is hit by Tommy Cross and loses puck.
6:57 of 3rd period - Chuck Kobasew is hit by Jared Boll and loses puck.
7:30 of 3rd period - Snap shot by Chris Porter.
7:30 of 3rd period - Stopped by Peter Mannino without a rebound.
7:31 of 3rd period - Andy Miele wins face-off versus Cedric Paquette in Wolves zone.
10:26 of 3rd period - Minor Penalty to Yann Sauve for Hooking.
10:27 of 3rd period - Chris Terry wins face-off versus Andy Miele in Wolves zone.
12:26 of 3rd period - Penalty to Yann Sauve is over, Yann Sauve is back on ice.
12:30 of 3rd period - Andy Miele is hit by Cedric Paquette and loses puck.
13:20 of 3rd period - Snap shot by Aaron Volpatti.
13:20 of 3rd period - Shot Misses the Net.
13:22 of 3rd period - Slapshot by Yann Sauve.
13:22 of 3rd period - Deflect By Aaron Volpatti.
13:22 of 3rd period - Shot Blocked by Shawn Thornton.
13:22 of 3rd period - Puck is out of play.
13:23 of 3rd period - Andy Miele wins face-off versus Landon Ferraro in Barons zone.
14:00 of 3rd period - Wrist shot by Cedric Paquette.
14:00 of 3rd period - Shot Misses the Net.
14:02 of 3rd period - Snap shot by Aaron Volpatti.
14:02 of 3rd period - Shot Misses the Net.
14:04 of 3rd period - Snap shot by Christian Hanson.
14:04 of 3rd period - Stopped by Josh Robinson with a rebound.
14:06 of 3rd period - Slapshot by Yann Sauve.
14:06 of 3rd period - Stopped by Josh Robinson with a rebound.
14:08 of 3rd period - Wrist shot by Aaron Volpatti.
14:08 of 3rd period - Deflect By Cedric Paquette.
14:08 of 3rd period - Stopped by Josh Robinson with a rebound.
14:10 of 3rd period - Slapshot by Christian Hanson.
14:10 of 3rd period - Deflect By Aaron Volpatti.
14:10 of 3rd period - Stopped by Josh Robinson with a rebound.
15:18 of 3rd period - Snap shot by Cedric Paquette.
15:18 of 3rd period - Stopped by Josh Robinson without a rebound.
15:19 of 3rd period - Andy Miele wins face-off versus Cedric Paquette in Barons zone.
15:53 of 3rd period - Minor Penalty to Tommy Cross for Tripping.
15:54 of 3rd period - Andy Miele wins face-off versus Jordan Schroeder in Barons zone.
16:26 of 3rd period - Snap shot by Aaron Volpatti.
16:26 of 3rd period - Stopped by Josh Robinson without a rebound.
16:27 of 3rd period - Christian Hanson wins face-off versus Andy Miele in Barons zone.
16:30 of 3rd period - Wrist shot by Aaron Volpatti.
16:30 of 3rd period - Shot Misses the Net.
16:32 of 3rd period - Snap shot by Kent Huskins.
16:32 of 3rd period - Shot Blocked by John Negrin.
16:34 of 3rd period - Wrist shot by Kent Huskins.
16:34 of 3rd period - Shot Blocked by Andy Miele.
16:59 of 3rd period - Slapshot by Chris Porter.
16:59 of 3rd period - Stopped by Peter Mannino without a rebound.
17:00 of 3rd period - Cedric Paquette wins face-off versus Chris Porter in Wolves zone.
17:21 of 3rd period - Andy Miele is hit by Cedric Paquette and loses puck.
17:32 of 3rd period - Chris Terry is hit by David Musil and loses puck.
17:53 of 3rd period - Penalty to Tommy Cross is over, Tommy Cross is back on ice.
18:00 of 3rd period - Minor Penalty to Cedric Paquette for Holding.
18:01 of 3rd period - Chris Terry wins face-off versus Ryan Spooner in Wolves zone.
18:09 of 3rd period - Kent Huskins is hit by Tommy Cross and loses puck.
18:51 of 3rd period - Chuck Kobasew is hit by Chris Terry and loses puck.
19:19 of 3rd period - David Musil is hit by Ben Hanowski and loses puck.
19:52 of 3rd period - Barons, Josh Robinson is pulled from the net.
0:00 - Penalty to Cedric Paquette is over, Cedric Paquette is back on ice.
Goals for this period are 0 for Wolves vs 0 for Barons.
Shots for this period are 6 for Wolves vs 6 for Barons.


Output by the SimonT Hockey Simulator (STHS) for Eric Dolegowski -- Original Page W3C XHTML 1.0 Valid
Hockey Simulator - Hockey Simulation - Hockey Manager